 Dungeon Crawl Stone Soup version 0.28.0-43-g3370ac3207 (webtiles) character file.

Game seed: 10284591097984950620

329 Peloso the Covered (level 6, 0/55 HPs)
             Began as a Minotaur Fighter on Mar 29, 2022.
             Slain by a kobold brigand
             ... wielding a +1 dagger of venom
              (7 damage)
             ... on level 4 of the Dungeon.
             The game lasted 00:05:18 (3698 turns).

Peloso the Covered (Minotaur Fighter)               Turns: 3698, Time: 00:05:18

Health: 0/55       AC: 10    Str: 20    XL:     6   Next: 25%
Magic:  5/5        EV:  7    Int:  5    God:
Gold:   127        SH:  5    Dex: 12    Spells: 5/5 levels left

rFire   . . .      SeeInvis .   a - +0 long sword
rCold   . . .      Faith    .   c - +0 buckler
rNeg    . . .      Spirit   .   k - +0 chain mail
rPois   .          Reflect  .   (helmet restricted)
rElec   .          Harm     .   (no cloak)
rCorr   .          Rampage  .   (no gloves)
Will    +....                   (no boots)
Stlth   ..........              (no amulet)
HPRegen 0.18/turn               l - ring of willpower
MPRegen 0.09/turn               (no ring)

@: lethally poisoned (0 -> -15)
A: horns 2, retaliatory headbutt
a: no special abilities


You were on level 4 of the Dungeon.
You visited 1 branch of the dungeon, and saw 4 of its levels.

You collected 127 gold pieces.

Inventory:

Hand Weapons
 a - a +0 long sword (weapon)
Armour
 b - a +0 scale mail
 c - a +0 buckler (worn)
 k - a +0 chain mail (worn)
Jewellery
 l - a ring of willpower (left hand)
Scrolls
 h - a scroll of summoning {unknown}
 i - a scroll of magic mapping {unknown}
 j - 3 scrolls of teleportation {unknown}
Potions
 d - a potion of might
 e - a potion of invisibility {unknown}
 f - a potion of resistance
 m - a potion of berserk rage


   Skills:
 + Level 4.9 Fighting
 + Level 5.0 Long Blades
 + Level 5.5 Armour
 + Level 0.6 Dodging
 + Level 0.1 Stealth
 + Level 4.5 Shields


You had 5 spell levels left.
You didn't know any spells.
Your spell library contained the following spells:

 Spells                   Type           Power      Damage    Failure   Level
 Ozocubu's Armour         Ice            0%         N/A       100%        3
 Ozocubu's Refrigeration  Ice            0%         4d5       100%        7


Dungeon Overview and Level Annotations

Branches:
Dungeon (4/15)
 Temple: D:4-7

Altars:
Yredelemnul


Innate Abilities, Weirdness & Mutations

You have a pair of horns on your head.
You reflexively headbutt those who attack you in melee.


Message History

Unknown command.
You barely miss the kobold brigand.
The kobold brigand is heavily wounded.
You feel very sick.
The kobold brigand hits you but does no damage.
You are lethally poisoned!
Unknown command.
You barely miss the kobold brigand.
The kobold brigand is heavily wounded.
* * * LOW HITPOINT WARNING * * *
You feel extremely sick. You block the kobold brigand's attack.
The kobold brigand hits you with a +1 dagger of venom.
* * * LOW HITPOINT WARNING * * *
You are more poisoned.
You closely miss the kobold brigand.
The kobold brigand is heavily wounded.
* * * LOW HITPOINT WARNING * * *
You feel extremely sick.
The kobold brigand completely misses you.
Unknown command.
You feel much better.
You feel very sick.
The kobold brigand hits you with a +1 dagger of venom!
* * * LOW HITPOINT WARNING * * *
Unknown command.
You barely miss the kobold brigand.
The kobold brigand is heavily wounded.
* * * LOW HITPOINT WARNING * * *
You feel very sick.
The kobold brigand hits you but does no damage.
You are more poisoned.
Unknown command.
You slash the kobold brigand!
Your headbutt misses the kobold brigand.
The kobold brigand is severely wounded.
* * * LOW HITPOINT WARNING * * *
You feel very sick.
The kobold brigand hits you with a +1 dagger of venom!
You die...

##....<.......
..#.............
..#.....########
..#.....#...#
##..#≈....#...#
#..##≈....#...#
##..#≈≈....#...#
#.K##≈≈....#..#####
#.@#≈≈≈≈...#÷.#....
#..#≈≈≈≈####..#....
#..#≈≈≈≈......'÷...
#..##≈≈.......#.... ###
##..#≈≈.##....#.... #...
#))#≈####....###'#
#....#..#...##'#####..#
..............#).......+
..............)).......#


You could see a kobold brigand.

Vanquished Creatures
  A scorpion (D:4)
  A gnoll shaman (D:3)
  An iguana (D:4)
  2 orc wizards
  5 gnolls
  3 adders
  A worm (D:3)
  2 dart slugs
  11 orcs
  2 endoplasms
  A giant cockroach (D:1)
  3 goblins (D:3)
  9 hobgoblins
  10 kobolds
  3 ball pythons
  3 bats
  2 frilled lizards
  2 rats
62 creatures vanquished.

Vanquished Creatures (others)
  An orc wizard (D:4)
1 creature vanquished.

Grand Total: 63 creatures vanquished

Notes
Turn   | Place    | Note
-------+----------+-------------------------------------------
     0 | D:1      | Peloso the Minotaur Fighter began the quest for the Orb.
     0 | D:1      | Reached XP level 1. HP: 19/19 MP: 0/0
   147 | D:1      | Found a faded altar of an unknown god.
   336 | D:1      | Reached XP level 2. HP: 27/27 MP: 1/1
   972 | D:2      | Found a basalt altar of Yredelemnul.
  1186 | D:2      | Reached XP level 3. HP: 29/33 MP: 2/2
  1765 | D:3      | Reached XP level 4. HP: 32/40 MP: 3/3
  2220 | D:3      | Reached skill level 5 in Armour
  2845 | D:3      | Reached XP level 5. HP: 47/47 MP: 4/4
  3273 | D:4      | Reached XP level 6. HP: 55/55 MP: 5/5
  3366 | D:4      | Reached skill level 5 in Long Blades
  3698 | D:4      | Slain by a kobold brigand

Illustrated notes

Levels and vault maps discovered:
D:1:      lightli_arrival_farm, layout_basic,
          hellmonk_ecumenical_altar_arch_garden
D:2:      layout_loops_ring, basic_altar, kennysheep_generic_room_13
D:3:      layout_basic
D:4:      cheibrodos_thug_alley, layout_gridville

Skill      XL: |  1  2  3  4  5  6 |
---------------+-------------------+-----
Armour         | 4 5 |  5.5
Fighting       | 4 |  4.9
Shields        | 4 |  4.5
Long Blades    | 3 4 5 |  5.0
Dodging        | |  0.6
Stealth        | |  0.1

Action                   |  1- 3 |  4- 6 || total
-------------------------+-------+-------++-------
Melee: Long sword        |    92 |   114 ||   206
       Headbutt          |    10 |    14 ||    24
  Use: Scroll            |       |     3 ||     3
       Potion            |       |     3 ||     3
Armor: Scale mail        |    11 |       ||    11
       Chain mail        |    53 |    62 ||   115
Dodge: Dodged            |    26 |    47 ||    73
Block: Buckler           |    20 |    26 ||    46
